 Dungeon Crawl Stone Soup version 0.27.1-1-g398f81649c (webtiles) character file.

Game seed: 15214364916149800099

646 Icepheonix32 the Sneak (level 7, -2/40 HPs)
             Began as a Kobold Warper on Sept 15, 2021.
             Slain by an ogre (27 damage)
             ... on level 3 of the Dungeon.
             The game lasted 00:15:02 (6506 turns).

Icepheonix32 the Sneak (Kobold Warper)              Turns: 6506, Time: 00:15:03

Health: -2/40      AC:  7    Str:  9    XL:     7   Next: 82%
Magic:  11/11      EV: 21    Int: 14    God:
Gold:   176        SH:  0    Dex: 16    Spells: 7/12 levels left

rFire    . . .     SeeInvis .   B - +2 dagger (venom)
rCold    . . .     Faith    .   (shield restricted)
rNeg     . . .     Spirit   .   A - +1 leather armour {rPois}
rPois    +         Reflect  .   f - +0 helmet
rElec    .         Harm     .   (no cloak)
rCorr    .         Rampage  .   v - +0 pair of gloves
Will     .....                  n - +0 pair of boots
Stlth    ++++......             (no amulet)
HPRegen  0.13/turn              b - +4 ring of evasion
MPRegen  0.12/turn              (no ring)

@: no status effects
A: small, no large weapons, nightstalker 3
a: no special abilities


You were on level 3 of the Dungeon.
You visited 1 branch of the dungeon, and saw 5 of its levels.

You collected 176 gold pieces.

Inventory:

Hand Weapons
 a - a +0 shortbow
 s - a +3 vorpal hand axe
 B - a +2 dagger of venom (weapon)
Missiles
 d - 5 boomerangs of dispersal
 m - 32 poisoned darts (quivered)
 q - 4 boomerangs
Armour
 f - a +0 helmet (worn)
 n - a +0 pair of boots (worn)
 v - a +0 pair of gloves (worn)
 A - a +1 leather armour of poison resistance (worn)
Magical Staves
 u - a staff of fire
 w - a staff of cold
Jewellery
 b - a +4 ring of evasion (left hand)
Wands
 y - a wand of polymorph (8)
Scrolls
 c - a scroll of blinking
 g - 2 scrolls of magic mapping
 k - a scroll of vulnerability
 o - a scroll of amnesia
Potions
 e - 2 potions of curing {unknown}
 h - a potion of haste
 i - a potion of heal wounds
 j - a potion of lignification {unknown}
 l - a potion of degeneration {unknown}
 p - 2 potions of flight {unknown}
 r - a potion of cancellation
 t - 2 potions of magic {unknown}
 x - a potion of brilliance {unknown}
 z - a potion of might {unknown}


   Skills:
 - Level 2.2 Fighting
 - Level 4.0 Short Blades
 + Level 1.1 Throwing
 - Level 1.1 Armour
 * Level 6.4 Dodging
 + Level 7.0 Stealth
 + Level 3.1 Spellcasting
 + Level 3.0 Translocations


You had 7 spell levels left.
You knew the following spells:

 Your Spells              Type           Power      Damage    Failure   Level
a - Blink                 Tloc           N/A        N/A       13%         2
b - Teleport Other        Tloc           10%        N/A       26%         3

Your spell library contained the following spells:

 Spells                   Type           Power      Damage    Failure   Level
 Gell's Gravitas          Tloc           5%         N/A       26%         3
 Lesser Beckoning         Tloc           5%         N/A       26%         3
 Foxfire                  Conj/Fire      8%         2x1d4     28%         1
 Conjure Flame            Conj/Fire      2%         6-21      65%         3
 Inner Flame              Hex/Fire       2%         N/A       65%         3
 Manifold Assault         Tloc           10%        N/A       93%         5
 Malign Gateway           Summ/Tloc      3%         N/A       100%        7
 Summon Horrible Things   Summ           1%         N/A       100%        8


Dungeon Overview and Level Annotations

Branches:
Dungeon (5/15)
 Temple: D:4-7

Altars:
Yredelemnul

Shops:
D:2 =


Innate Abilities, Weirdness & Mutations

You are small and have problems with some larger weapons.
You are completely attuned to the shadows.


Message History

a +1 short sword of protection; a +0 leather armour; a +0 club The gnoll shaman calls upon its god to speed up something.
The ogre shouts!
There is a stone staircase leading up here.
You climb upwards.
There is a stone staircase leading down here.
HP restored.
Done exploring.
There is an open door here.
There is a stone staircase leading down here.
There is a stone staircase leading down here.
You climb downwards.
There is a stone staircase leading up here.
Things that are here:
a +0 robe; a +0 dagger
There is a stone staircase leading up here.
Throw: 33 darts (poison)
Press: ? - help, Q - select action, (/) - cycle Shift-Dir - straight line, f - ogre
Aim: an ogre, wielding a +0 giant club (75% to hit)
You throw a poisoned dart. The poisoned dart hits the ogre.
The ogre is poisoned.
Unknown command.
The ogre hits you with a +0 giant club!
You climb upwards.
There is a stone staircase leading down here.
Things that are here:
a +0 leather armour; a +0 club The ogre looks more healthy.
You hit the ogre.
The ogre is poisoned.
The ogre is moderately wounded.
The ogre looks more healthy.
You barely miss the ogre.
The ogre is moderately wounded.
The ogre barely misses you.
Unknown command.
You barely miss the ogre.
The ogre is moderately wounded.
The ogre hits you with a +0 giant club!!
Ouch! That really hurt!
You die...

### #.#################
#.@................
#O################# #.#
#.# #.# #.# #.#
############## #.#
#.............
#######.####.#).....>....


You could see an ogre.

Vanquished Creatures
  Duvessa (D:4)
  A black bear (D:3)
  An ogre (D:3)
  Dowan (D:4)
  A howler monkey (D:3)
  An iguana (D:4)
  An orc wizard (D:3)
  6 gnolls
  3 adders
  A worm (D:3)
  4 dart slugs
  21 orcs
  8 endoplasms
  5 giant cockroaches
  8 hobgoblins
  8 jackals
  5 kobolds
  6 quokkas
  6 ball pythons
  4 bats
  4 frilled lizards
  8 goblins
  13 rats
117 creatures vanquished.

Vanquished Creatures (others)
  27 plants (D:4)
27 creatures vanquished.

Grand Total: 144 creatures vanquished

Notes
Turn   | Place    | Note
-------+----------+-------------------------------------------
     0 | D:1      | Icepheonix32 the Kobold Warper began the quest for the Orb.
     0 | D:1      | Reached XP level 1. HP: 12/12 MP: 3/3
   160 | D:1      | Reached XP level 2. HP: 17/17 MP: 5/5
   363 | D:1      | Reached skill level 1 in Stealth
   431 | D:1      | Reached XP level 3. HP: 21/21 MP: 6/6
   935 | D:2      | Found Afaurr's Jewellery Emporium.
   964 | D:2      | Reached skill level 2 in Stealth
  1128 | D:2      | Found a faded altar of an unknown god.
  1175 | D:2      | Reached XP level 4. HP: 26/26 MP: 7/7
  1829 | D:2      | Reached skill level 3 in Stealth
  2453 | D:3      | Reached XP level 5. HP: 25/30 MP: 8/8
  2560 | D:3      | Reached skill level 4 in Stealth
  2782 | D:3      | Noticed a black bear
  3651 | D:3      | Noticed an ogre
  3654 | D:3      | Killed an ogre
  3655 | D:3      | Reached skill level 1 in Armour
  3655 | D:3      | Reached skill level 5 in Dodging
  3655 | D:3      | Reached skill level 5 in Stealth
  3655 | D:3      | Reached XP level 6. HP: 35/35 MP: 9/9
  3658 | D:3      | Learned a level 2 spell: Blink
  3662 | D:3      | Learned a level 3 spell: Teleport Other
  4436 | D:4      | Noticed Duvessa
  4437 | D:4      | Noticed Dowan
  4440 | D:4      | Killed Duvessa
  4441 | D:4      | Reached skill level 6 in Stealth
  4441 | D:4      | Reached XP level 7. HP: 40/40 MP: 10/10
  4458 | D:4      | Killed Dowan
  5040 | D:4      | Found a basalt altar of Yredelemnul.
  5579 | D:5      | Entered Level 5 of the Dungeon
  5895 | D:5      | Reached skill level 7 in Stealth
  6506 | D:3      | Slain by an ogre

Illustrated notes

Levels and vault maps discovered:
D:1:      minmay_arrival_open_corners, layout_loops_ring
D:2:      layout_basic, basic_ecumenical_altar, serial_shops, shop
D:3:      minmay_bubble_buster, layout_basic
D:4:      layout_cave_pools, kennysheep_mini_moat, serial_bayou_lake_a,
          uniq_duvessa
D:5:      layout_cave_pools, temple_statues, serial_bayou_pond_e,
          kennysheep_diamond, grunt_decor_clamped

Skill      XL: |  1  2  3  4  5  6  7 |
---------------+----------------------+-----
Short Blades   | 3 4 |  4.0
Dodging        | 3 4 5 6 |  6.4
Stealth        | 1 2 3 5 6 7 |  7.0
Armour         | 1 |  1.1
Spellcasting   | 3 |  3.1
Fighting       | |  2.2
Throwing       | |  1.1
Translocations | |  3.0

Action                   |  1- 3 |  4- 6 |  7- 9 || total
-------------------------+-------+-------+-------++-------
Melee: Dagger            |    91 |   164 |   103 ||   358
       Short sword       |     5 |       |       ||     5
Throw: Dart              |       |    13 |    24 ||    37
 Cast: Blink             |       |       |     7 ||     7
  Use: Scroll            |       |     1 |     3 ||     4
 Stab: Sleeping          |    12 |    20 |     1 ||    33
       Distracted        |       |     2 |       ||     2
Armor: Leather armour    |    14 |    38 |    17 ||    69
Dodge: Dodged            |    52 |   124 |    91 ||   267
